Map: 하드와이어 - 래더

Players

GuMiho

  • Race: Terran Terran

Zoun - Winner!

  • Race: Protoss Protoss
  • League: Master

Event: DreamHack SC2 Masters Last Chance 2022

VOD

Have the link to the VOD?

Description

Time

  • Played on: Dec. 15, 2021, 5:07 a.m.
  • Length: 18:48

All games in this series

Show
View Real Time Build Order
Export as new Build Order

GuMiho Terran 

Build Orders: Reaper Expand, Banshee Rush 

Get SALT Encoding   

  12  0:00  SCV  
  13  0:12  SCV  
  14  0:17  Supply Depot  
  14  0:24  SCV  
  15  0:38  SCV  
  15  0:40  Barracks  
  16  0:43  Refinery  
  16  0:50  SCV  
  17  1:02  SCV  
  18  1:14  SCV  
  19  1:27  Reaper, Orbital Command  
  20  1:44  Command Center  
  20  1:49  Refinery  
  20  1:52  SCV  
  21  1:59  Barracks Reactor  
  21  2:02  Supply Depot  
  21  2:06  SCV  
  22  2:18  SCV  
  22  2:19  Factory  
  23  2:30  SCV  
  23  2:36  Reaper x2  
  26  2:42  SCV  
  27  2:54  SCV  
  27  2:57  Orbital Command  
  28  3:04  Starport  
  28  3:06  SCV  
  29  3:13  Hellion x2  
  29  3:18  SCV  
  29  3:19  Barracks Tech Lab  
  34  3:20  Supply Depot  
  34  3:22  SCV  
  35  3:33  SCV  
  36  3:34  Hellion x2, SCV  
  41  3:47  Cloaking Field, Banshee  
  44  3:49  SCV x2  
  46  4:01  SCV x2  
  46  4:05  Barracks  
  46  4:06  Supply Depot, Barracks  
  46  4:07  Factory Tech Lab  
  46  4:11  Marine  
  46  4:12  Marine  
  46  4:13  Bunker  
  46  4:16  SCV  
  49  4:18  SCV  
  50  4:28  Siege Tank  
  50  4:33  Banshee  
  50  4:35  SCV x2  
  50  4:38  Engineering Bay  
  51  4:40  Marine x2  
  51  4:45  Refinery  
  50  4:54  SCV x2  
  50  4:55  Barracks Tech Lab, Barracks Reactor  
  50  4:58  Marine x2  
  54  5:01  Siege Tank  
  54  5:06  SCV x2  
  59  5:13  Marine  
  59  5:15  Marine x2  
  59  5:18  SCV  
  62  5:21  SCV  
  62  5:22  Banshee  
  65  5:31  Marine  
  65  5:33  Marine x2  
  68  5:38  SCV x2  
  70  5:50  Refinery  
  70  5:51  Supply Depot, Refinery  
  70  5:52  Supply Depot  
  70  5:53  SCV x2  
  69  5:59  Terran Infantry Weapons Level 1  
  69  6:05  Supply Depot  
  69  6:06  Supply Depot  
  69  6:13  Siege Tank  
  69  6:15  SCV x2  
  69  6:18  Stimpack  
  74  6:20  Marine x4  
  78  6:26  Supply Depot  
  78  6:27  SCV x2  
  78  6:29  Combat Shield  
  80  6:34  Command Center  
  80  6:39  Marine x2  
  82  6:40  Marauder  
  82  6:43  Marauder  
  82  6:45  SCV x2  
  88  6:52  Barracks  
  88  6:53  Barracks  
  88  6:58  SCV x2  
  90  7:02  Medivac x2  
  90  7:05  Factory Reactor  
  94  7:09  Marauder  
  94  7:10  SCV x2  
  94  7:15  Supply Depot  
  98  7:16  Supply Depot  
  98  7:17  Marauder  
  98  7:20  Marine  
  98  7:22  SCV x2  
  103  7:26  Marine  
  104  7:34  SCV x2  
  104  7:35  Supply Depot  
  104  7:36  Supply Depot, Medivac x2  
  109  7:43  Marauder x2  
  112  7:46  SCV x2  
  114  7:57  Marauder, Marine x2  
  118  7:58  SCV x2  
  118  7:59  Barracks Reactor  
  118  8:00  Terran Infantry Armor Level 1  
  118  8:04  Marauder  
  121  8:10  SCV x2  
  121  8:11  Orbital Command  
  123  8:13  Marauder  
  123  8:16  Supply Depot  
  123  8:17  Supply Depot, Medivac  
  123  8:18  Medivac, Marine x2  
  123  8:19  Marauder  
  133  8:24  Widow Mine  
  133  8:26  Widow Mine  
  134  8:29  SCV x2  
  136  8:39  Marauder x2, Marine x2  
  136  8:40  Marauder, Marine  
  136  8:41  Marine  
  140  8:57  Marine  
  140  8:58  Marine x2  
  140  9:01  Marauder x3  
  149  9:07  Marine  
  142  9:11  Widow Mine x2  
  142  9:14  Medivac x2  
  142  9:15  SCV x3, Marine  
  151  9:20  Marine x2  
  151  9:22  Marauder x2  
  151  9:23  Marauder  
  149  9:25  Marine  
  149  9:30  Refinery  
  153  9:38  Sensor Tower  
  151  9:41  Engineering Bay, Armory  
  151  9:43  Marauder, Ghost Academy  
  151  9:44  Marauder  
  154  9:47  Viking x2  
  158  9:57  Command Center  
  158  10:02  Refinery  
  158  10:03  Supply Depot  
  158  10:06  Supply Depot  
  158  10:09  Supply Depot  
  158  10:14  Ghost x2  
  158  10:16  Ghost  
  158  10:17  Barracks x2  
  158  10:19  Barracks  
  163  10:24  Concussive Shells  
  163  10:27  Viking  
  163  10:28  Viking  
  163  10:50  Terran Infantry Weapons Level 2  
  160  11:02  Marauder x3, Marine x4  
  159  11:04  Viking  
  159  11:05  Viking  
  159  11:06  Widow Mine x2  
  167  11:15  Engineering Bay  
  167  11:17  SCV x3  
  170  11:20  Marine x2  
  170  11:24  Marauder x2  
  176  11:25  Marine  
  176  11:26  Marauder, Marine  
  176  11:29  SCV x3  
  183  11:36  Planetary Fortress  
  183  11:38  Marine  
  182  11:40  Terran Ship Weapons Level 1  
  182  11:44  Refinery  
  182  11:45  Marauder  
  184  11:47  Missile Turret, Refinery, Sensor Tower  
  184  11:48  Missile Turret  
  184  11:53  Marauder x2, Marine x3  
  191  11:59  Viking x2  
  195  12:06  Marauder  
  197  12:10  Missile Turret  
  197  12:15  Marauder  
  199  12:20  Missile Turret  
  199  12:23  Command Center  
  199  12:25  Barracks Tech Lab x2  
  199  12:26  Barracks Reactor  
  199  12:27  Missile Turret  
  199  12:28  Missile Turret  
  199  12:29  Missile Turret  
  199  12:30  Enhanced Shockwaves  
  199  12:33  Terran Infantry Armor Level 2  
  199  12:54  Command Center x2  
  196  12:59  Ghost x3  
  196  13:11  Terran Infantry Weapons Level 3  
  196  13:14  Ghost x2  
  200  13:21  Missile Turret  
  200  13:22  Missile Turret  
  200  13:32  Bunker  
  200  13:38  Terran Ship Weapons Level 2  
  200  13:41  Fusion Core  
  200  13:44  Sensor Tower  
  200  13:48  Personal Cloaking  
  200  13:53  Missile Turret  
  200  13:55  Planetary Fortress  
  198  14:09  Marauder x2  
  175  14:18  Marauder x2  
  175  14:20  Marine x2  
  175  14:21  Marauder  
  175  14:23  Marine x2  
  185  14:26  Liberator x2  
  185  14:27  Missile Turret, Sensor Tower  
  185  14:30  Advanced Ballistics, Missile Turret  
  185  14:31  Marauder x2  
  195  14:33  Orbital Command x2  
  195  14:43  Starport  
  195  14:44  Starport  
  195  14:50  Refinery x2  
  195  15:02  Missile Turret  
  195  15:06  Terran Infantry Armor Level 3  
  195  15:09  Viking x2  
  199  15:14  Command Center  
  199  15:17  Command Center x2  
  199  15:31  Missile Turret  
  199  15:40  Missile Turret  
  199  15:46  Missile Turret x2  
  199  15:48  Hi-Sec Auto Tracking  
  199  16:01  Missile Turret  
  199  16:02  Starport Tech Lab x2  
  199  16:03  Missile Turret x2  
  199  16:04  Missile Turret  
  199  16:06  Missile Turret x2  
  197  16:31  Orbital Command x3  
  195  16:40  Viking x2  
  195  16:43  Weapon Refit  
  199  16:51  Starport  
  199  16:53  Starport  
  197  17:14  Viking x2  
  197  17:15  Viking x2  
  196  17:32  Missile Turret  
  196  17:35  Missile Turret  
  196  17:36  Missile Turret  
  185  17:44  Viking x2  
  185  17:45  Viking  
  185  17:48  Viking  
  187  18:03  Marauder x5, Marine  
  183  18:14  Viking x2  
  183  18:15  Viking  
  183  18:18  Viking  
  183  18:19  Marine  
  186  18:24  Marauder x2  
  163  18:28  Marine x4  
Show
View Real Time Build Order
Export as new Build Order

Zoun Protoss - Winner!

Build Orders: 1 Gate Expand, Blink Stalkers, Carriers 

Get SALT Encoding   

  12  0:00  Probe  
  13  0:12  Probe  
  14  0:18  Pylon  
  14  0:24  Probe (Chrono Boost)  
  15  0:36  Probe (Chrono Boost)  
  15  0:38  Gateway  
  16  0:45  Probe (Chrono Boost)  
  17  0:51  Assimilator  
  17  0:52  Probe  
  18  1:04  Probe  
  19  1:16  Probe  
  20  1:25  Cybernetics Core  
  20  1:36  Nexus  
  20  1:37  Probe  
  21  1:47  Pylon  
  21  1:49  Probe  
  21  1:53  Assimilator  
  22  2:01  Probe  
  22  2:02  Adept (Chrono Boost)  
  25  2:12  Warp Gate  
  25  2:13  Probe  
  26  2:21  Twilight Council  
  26  2:25  Probe  
  27  2:30  Stalker  
  29  2:38  Probe (Chrono Boost)  
  30  2:48  Probe (Chrono Boost)  
  30  2:50  Probe (Chrono Boost)  
  32  2:52  Blink (Chrono Boost)  
  32  2:57  Probe (Chrono Boost)  
  33  2:59  Probe (Chrono Boost)  
  33  3:02  Probe (Chrono Boost)  
  34  3:09  Gateway  
  34  3:12  Stalker  
  36  3:14  Probe  
  36  3:16  Probe  
  38  3:26  Probe  
  39  3:31  Probe  
  40  3:35  Robotics Facility, Pylon  
  40  3:39  Shield Battery  
  39  3:43  Probe  
  39  3:48  Probe  
  39  3:55  Probe  
  39  4:01  Stalker  
  42  4:03  Probe  
  42  4:06  Stalker  
  42  4:08  Probe  
  46  4:15  Probe  
  47  4:20  Probe  
  47  4:21  Pylon  
  47  4:22  Observer  
  49  4:25  Stalker  
  51  4:35  Probe  
  51  4:36  Probe  
  50  4:45  Nexus  
  50  4:47  Probe (Chrono Boost)  
  50  4:51  Probe (Chrono Boost)  
  50  4:56  Observer  
  50  4:58  Pylon  
  50  4:59  Probe (Chrono Boost)  
  52  5:03  Probe (Chrono Boost)  
  52  5:06  Robotics Bay  
  54  5:07  Probe (Chrono Boost)  
  54  5:09  Probe (Chrono Boost)  
  54  5:13  Assimilator, Probe  
  54  5:14  Assimilator  
  55  5:15  Stalker  
  55  5:17  Probe  
  59  5:23  Stalker  
  59  5:25  Probe  
  62  5:33  Probe  
  60  5:38  Probe  
  60  5:39  Observer  
  62  5:45  Probe  
  62  5:48  Stalker x2  
  67  5:53  Observer  
  67  5:54  Probe  
  68  6:02  Shield Battery  
  68  6:03  Probe x2 (Chrono Boost)  
  70  6:06  Probe (Chrono Boost)  
  71  6:15  Probe x2 (Chrono Boost)  
  71  6:16  Colossus (Chrono Boost)  
  71  6:18  Probe (Chrono Boost)  
  80  6:23  Probe x3 (Chrono Boost)  
  83  6:26  Extended Thermal Lance  
  83  6:29  Probe x2  
  85  6:34  Charge (Chrono Boost), Pylon  
  85  6:37  Pylon  
  85  6:40  Pylon  
  85  6:41  Shield Battery  
  85  6:51  Forge  
  85  6:52  Probe x3  
  88  6:56  Sentry  
  88  7:00  Assimilator  
  88  7:01  Assimilator  
  90  7:04  Colossus (Chrono Boost), Probe x2  
  90  7:06  Probe  
  99  7:08  Observer  
  99  7:13  Gateway  
  99  7:16  Gateway, Probe x2  
  99  7:18  Probe  
  99  7:20  Gateway x2  
  99  7:21  Protoss Ground Weapons Level 1 (Chrono Boost)  
  102  7:26  Gateway  
  102  7:30  Gateway  
  102  7:31  Sentry x2  
  102  7:35  Shield Battery  
  104  7:55  Pylon x2  
  103  7:58  Templar Archives  
  103  8:05  Stalker x2  
  103  8:08  Observer (Chrono Boost)  
  103  8:10  Pylon  
  108  8:14  Zealot, Pylon  
  108  8:15  Zealot x3  
  116  8:22  Stalker  
  116  8:25  Warp Prism, Zealot  
  122  8:30  Probe x2  
  122  8:32  Pylon  
  122  8:33  Pylon  
  124  8:35  Zealot x3  
  124  8:40  Nexus  
  130  8:44  Templar Archives  
  130  8:49  Zealot x2  
  130  8:50  Zealot x2  
  137  8:55  High Templar  
  137  8:56  High Templar x3  
  137  9:00  Archon  
  137  9:01  Archon  
  142  9:25  Protoss Ground Weapons Level 2  
  142  9:27  Pylon  
  142  9:28  Pylon  
  142  9:30  Pylon  
  142  9:33  Observer  
  142  9:36  Pylon  
  142  9:37  Forge, Pylon  
  142  9:38  Robotics Facility  
  142  9:45  Pylon  
  142  9:46  Probe x2  
  142  9:47  Zealot x2, Probe  
  142  9:48  Zealot  
  142  9:49  Zealot  
  153  9:53  Gateway  
  153  9:54  Gateway  
  153  9:57  Zealot x2  
  153  9:59  Probe x3 (Chrono Boost)  
  161  10:00  Probe (Chrono Boost)  
  161  10:06  Shield Battery  
  161  10:08  Photon Cannon  
  161  10:11  Probe x2 (Chrono Boost)  
  161  10:13  Stalker x2  
  167  10:19  Probe (Chrono Boost)  
  167  10:25  Zealot x5  
  174  10:30  Disruptor (Chrono Boost)  
  177  10:37  Zealot x3  
  177  10:41  Disruptor (Chrono Boost)  
  186  10:46  Zealot x4  
  186  10:49  Protoss Ground Armor Level 1 (Chrono Boost)  
  182  10:57  Assimilator  
  182  10:58  Pylon  
  182  11:01  Assimilator  
  182  11:02  Disruptor (Chrono Boost)  
  179  11:11  Disruptor (Chrono Boost)  
  179  11:12  Observer  
  179  11:13  Probe x2  
  184  11:22  Stargate  
  183  11:29  Nexus  
  183  11:31  Pylon  
  179  11:43  Observer x2 (Chrono Boost), Gravitic Boosters  
  181  11:48  Photon Cannon  
  181  11:49  Probe x4, Pylon  
  181  11:50  Photon Cannon  
  181  11:52  Protoss Ground Weapons Level 3 (Chrono Boost), Shield Battery  
  185  11:59  Shield Battery  
  185  12:00  Shield Battery  
  185  12:03  Photon Cannon  
  185  12:05  Photon Cannon  
  185  12:07  Photon Cannon  
  183  12:08  Pylon  
  183  12:10  Observer  
  183  12:11  Probe x3  
  183  12:12  Fleet Beacon  
  183  12:14  Stargate  
  183  12:15  Disruptor (Chrono Boost), Stargate  
  186  12:17  Photon Cannon  
  186  12:19  Photon Cannon  
  192  12:23  Protoss Air Weapons Level 1  
  192  12:25  Disruptor (Chrono Boost)  
  192  12:26  Photon Cannon  
  192  12:30  Assimilator  
  192  12:35  Assimilator  
  192  12:41  Gravitic Drive  
  192  12:43  Pylon  
  191  12:44  Observer  
  191  12:50  Gateway  
  191  12:53  Disruptor  
  191  12:54  Gateway x2  
  194  12:59  Gateway  
  194  13:08  Protoss Ground Armor Level 2 (Chrono Boost)  
  190  13:16  Cybernetics Core  
  190  13:21  Photon Cannon  
  190  13:24  Observer  
  190  13:25  Photon Cannon  
  190  13:28  Carrier x2 (Chrono Boost)  
  200  13:36  Gateway  
  200  13:37  Photon Cannon, Dark Shrine  
  200  13:38  Carrier (Chrono Boost), Gateway  
  200  13:41  Psionic Storm  
  200  13:58  Nexus  
  200  14:01  Pylon  
  200  14:03  Pylon  
  189  14:14  Disruptor x2 (Chrono Boost)  
  170  14:21  Carrier x2 (Chrono Boost)  
  170  14:22  Stargate  
  170  14:23  Protoss Shields Level 1 (Chrono Boost), Stargate  
  182  14:33  Stargate  
  182  14:37  Carrier (Chrono Boost)  
  188  14:40  Stargate  
  188  14:43  Stargate  
  188  14:45  Protoss Air Armor Level 1 (Chrono Boost)  
  188  14:46  Shield Battery  
  188  14:47  Disruptor x2 (Chrono Boost)  
  188  14:48  Shield Battery  
  188  14:50  Photon Cannon  
  188  14:51  Photon Cannon  
  194  14:54  Photon Cannon  
  194  15:00  Photon Cannon  
  194  15:01  Shield Battery  
  194  15:06  Protoss Air Weapons Level 2 (Chrono Boost)  
  194  15:07  Shadow Stride  
  194  15:09  High Templar x3  
  198  15:14  Observer  
  198  15:19  Observer  
  198  15:24  Observer, Assimilator  
  198  15:27  Assimilator  
  198  15:29  Observer  
  198  15:32  Observer  
  199  15:44  Pylon  
  199  15:45  Observer  
  200  15:54  Pylon  
  197  15:59  Photon Cannon  
  197  16:02  Photon Cannon  
  197  16:05  Photon Cannon x2  
  197  16:08  Unknown, Flux Vanes  
  197  16:15  Oracle  
  193  16:39  High Templar  
  191  16:40  High Templar x3  
  194  17:19  Carrier  
  199  17:31  Nexus  
  199  17:32  Archon  
  192  17:49  Dark Templar x4  
  199  17:56  Dark Templar x2  
  199  18:03  Dark Templar x5  
  197  18:09  Zealot x3  
  195  18:17  Zealot x2, Archon  
  193  18:25  Pylon  
  193  18:26  Pylon  

Tags
 
Add a new tag
Caveats
  • Supply blocks, unpowered buildings, or Contaminate may cause inaccurate times.
  • Supply counts are checked every 10 seconds.